[Event "ICC Open 2015"]
[Site "Internet Chess Club"]
[Date "2015.05.30"]
[Round "6"]
[White "HPG1947"]
[Black "jonesey"]
[Result "0-1"]
[ICCResult "White forfeits on time"]
[WhiteElo "1751"]
[BlackElo "1921"]
[Opening "Danish gambit: Sorensen defense"]
[ECO "C21"]
[NIC "KP.04"]
[Time "19:52:05"]
[TimeControl "180+0"]

1. e4 e5 2. d4 exd4 3. c3 d5 4. exd5 Qxd5 5. cxd4 Nc6 6. Nc3 Bb4 7. Be3 Nf6
8. Nf3 Bg4 9. Be2 O-O 10. O-O Qa5 11. Nb5 a6 12. a3 axb5 13. axb4 Qxb4 14.
d5 Rxa1 15. Qxa1 Nxd5 16. Bd2 Qc5 17. Rc1 Qb6 18. Qb1 Nd4 19. Nxd4 Qxd4 20.
Bxg4 Qxg4 21. Qd3 c6 22. Re1 Qc4 23. Qg3 Qc2 {White forfeits on time} 0-1

[Event "ICC Open 2015"]
[Site "Internet Chess Club"]
[Date "2015.05.30"]
[Round "6"]
[White "kava"]
[Black "chessrex"]
[Result "1-0"]
[ICCResult "Black forfeits on time"]
[WhiteElo "2915"]
[BlackElo "2143"]
[Opening "Réti opening"]
[ECO "A04"]
[NIC "QP.11"]
[Time "19:51:50"]
[TimeControl "180+0"]

1. Nf3 f6 2. d4 e5 3. dxe5 Nc6 4. exf6 Nxf6 5. Bg5 d5 6. c3 h6 7. Bh4 g5 8.
Bg3 Ne4 9. e3 Nxg3 10. hxg3 g4 11. Nd4 Bg7 12. Bb5 Bd7 13. Na3 O-O 14. Ne2
Ne7 15. Nf4 c6 16. Be2 Qc8 17. Rh4 Nf5 18. Rxg4 Nxe3 19. Rxg7+ Kxg7 20. Qd4+
Kg8 21. fxe3 Bf5 22. Kf2 Qe8 23. Rh1 Kh7 24. Nb1 b6 25. Nd2 Rd8 26. Nf3 c5
27. Qe5 Qxe5 28. Nxe5 Rde8 29. Nf3 Be4 30. Ng5+ Kg7 31. Nxe4 Rxe4 32. Bf3
Re5 33. Rd1 Rd8 34. Rxd5 Rdxd5 35. Bxd5 Kf6 36. Kf3 h5 37. e4 b5 38. b3 a5
39. a3 Kg5 40. Ne6+ Kf6 41. Kf4 h4 42. g4 Rxe6 43. g5+ Ke7 44. Bxe6 Kxe6 45.
b4 cxb4 46. cxb4 axb4 47. axb4 Kf7 48. Kf5 Kg7 49. e5 Kf7 50. e6+ Ke7 51.
Ke5 h3 52. gxh3 Kf8 53. Kf6 Ke8 54. h4 Kf8 55. h5 Kg8 56. g6 Kf8 57. h6 Ke8
58. h7 Kd8 59. g7 Kc7 60. e7 Kc6 61. Kf7 Kd5 62. e8=Q Kc4 63. Qe7 Kc3 64.
Ke6 Kd3 65. Kd5 Kc3 66. Kc5 Kd3 67. Kxb5 Kc3 68. Kc5 Kb3 69. b5 Kc3 70. b6
Kd3 71. b7 Kc3 72. Kb6 Kd4 73. Ka7 Kc4 74. Kb8 Kd5 75. Kc8 Kc6 76. Kd8 Kd5
77. Ke8 Kc6 78. Kf8 Kd5 79. Kg8 Kc6 80. Kh8 Kd5 81. Qf7+ Kc6 82. Qg8 Kd7 83.
Qf8 Kc6 84. b8=Q Kd7 85. Qbe8+ Kc7 86. g8=Q Kb6 87. Kg7 {Black forfeits on
time} 1-0

[Event "ICC Open 2015"]
[Site "Internet Chess Club"]
[Date "2015.05.30"]
[Round "6"]
[White "grancaruso"]
[Black "fito"]
[Result "0-1"]
[ICCResult "White forfeits on time"]
[WhiteElo "1847"]
[BlackElo "2356"]
[Opening "King's Indian: 6.Be2"]
[ECO "E91"]
[NIC "KI.19"]
[Time "19:51:17"]
[TimeControl "180+0"]

1. Nf3 g6 2. c4 Bg7 3. d4 Nf6 4. Nc3 O-O 5. e4 d6 6. Be2 Nc6 7. d5 Ne5 8.
Nxe5 dxe5 9. O-O e6 10. Be3 exd5 11. cxd5 a6 12. Qd2 b5 13. a3 Bd7 14. Rad1
Rc8 15. Bg5 c5 16. dxc6 Bxc6 17. Bxf6 Bxf6 18. Nd5 Bg7 19. Bg4 f5 20. Bf3
Kh8 21. Rfe1 Qh4 22. g3 Qd8 23. Qe2 Qa5 24. Ne7 Rc7 25. Nxc6 Rxc6 26. exf5
Rcf6 27. Qd2 Qb6 28. Bg2 Rxf5 29. Re2 R5f7 30. Be4 Bf6 31. Qe3 Qb8 32. h4
Bd8 33. Rd5 Bb6 34. Qd2 Rxf2 35. Kh1 Rf1+ 36. Kg2 Qc8 37. Rd7 R1f2+ 38. Kh1
Rxe2 39. Rxh7+ Kxh7 40. Bxg6+ Kxg6 41. Qg5+ Kf7 42. Qh5+ Ke7 43. Qxe2 Qc6+
44. Kh2 Rf2+ {White forfeits on time} 0-1

[Event "ICC Open 2015"]
[Site "Internet Chess Club"]
[Date "2015.05.30"]
[Round "6"]
[White "Gruble"]
[Black "yellow"]
[Result "1-0"]
[ICCResult "Black forfeits on time"]
[WhiteElo "1784"]
[BlackElo "1516"]
[Opening "French: exchange variation"]
[ECO "C01"]
[NIC "FR.01"]
[Time "19:51:19"]
[TimeControl "180+0"]

1. e4 e6 2. d4 d5 3. exd5 exd5 4. Nc3 Nf6 5. Bf4 Bb4 6. f3 Bxc3+ 7. bxc3 O-O
8. Bd3 Re8+ 9. Ne2 c5 10. Bb5 Bd7 11. Bxd7 Nfxd7 12. O-O Qf6 13. Qd2 Nc6 14.
Ng3 cxd4 15. Bg5 Qg6 16. cxd4 f6 17. Be3 Nb6 18. Bf2 Nc4 19. Qf4 Qxc2 20.
Nf5 g6 21. Nh6+ Kg7 22. Ng4 Qf5 23. Qc7+ Re7 24. Qg3 Rae8 25. Qh3 h5 26. Bh4
hxg4 27. fxg4 Qc2 28. Bxf6+ Kg8 29. Qh8+ Kf7 30. Qg7+ Ke6 31. Rae1+ Kd7 32.
Rxe7+ Nxe7 33. Bxe7 Rxe7 34. Qf6 {Black forfeits on time} 1-0

[Event "ICC Open 2015"]
[Site "Internet Chess Club"]
[Date "2015.05.30"]
[Round "6"]
[White "Huemul"]
[Black "ivancele"]
[Result "0-1"]
[ICCResult "White resigns"]
[WhiteElo "1318"]
[BlackElo "1585"]
[Opening "Pirc: classical (two knights) system"]
[ECO "B08"]
[NIC "PU.07"]
[Time "19:51:26"]
[TimeControl "180+0"]

1. e4 d6 2. d4 Nf6 3. Nc3 g6 4. Nf3 c6 5. Bd3 Bg7 6. O-O Qc7 7. Bf4 Nh5 8.
Be3 e5 9. d5 c5 10. Nb5 Qd8 11. Bg5 Qb6 12. a4 f6 13. a5 Qd8 14. Bh4 a6 15.
Nc3 O-O 16. g4 Nf4 17. g5 f5 18. exf5 Bxf5 19. Bxf5 Rxf5 20. Kh1 Nd7 21. Rg1
b5 22. Ne4 Nf8 23. Rb1 Qc7 24. b4 cxb4 25. Rxb4 Rc8 26. c3 Nd7 27. Qc1 Nc5
28. Nf6+ Kh8 29. Nd2 Qxa5 30. Nde4 Nxe4 31. Nxe4 Qb6 32. Re1 Nd3 33. Qe3
Qxe3 34. Rxe3 Nxb4 35. Nxd6 Rcf8 36. Nxf5 Rxf5 37. Rd3 Nxd3 38. Kg2 e4 39.
d6 Rd5 40. Bg3 Be5 41. Bxe5+ Nxe5 42. d7 Rxd7 43. Kg3 Rd3+ 44. Kf4 Nf3 45.
Kxe4 Rxc3 46. h4 Nxh4 47. Kd4 b4 48. Ke5 a5 49. Kf6 Nf5 50. Kf7 Rf3 51. Ke6
Rxf2 52. Kd5 Rg2 53. Kc5 Rxg5 54. Kb5 b3 55. Kxa5 b2 56. Kb5 b1=Q+ 57. Kc6
Qd3 58. Kc7 Ne3 59. Kc6 Rd5 60. Kc7 Rc5+ 61. Kb7 Qb5+ {White resigns} 0-1

[Event "ICC Open 2015"]
[Site "Internet Chess Club"]
[Date "2015.05.30"]
[Round "6"]
[White "Ira57"]
[Black "druskacik"]
[Result "0-1"]
[ICCResult "White forfeits on time"]
[WhiteElo "1942"]
[BlackElo "2445"]
[Opening "Queen's pawn: Yusupov-Rubinstein system"]
[ECO "A46"]
[NIC "QP.06"]
[Time "19:51:26"]
[TimeControl "180+0"]

1. d4 Nf6 2. Nf3 e6 3. e3 b6 4. b3 Bb7 5. Bb2 d5 6. Nbd2 Bd6 7. Bd3 Ne4 8.
O-O Nd7 9. Qe2 O-O 10. Ne5 Nxd2 11. Qxd2 Nxe5 12. dxe5 Bc5 13. a3 Qh4 14.
Rae1 Rad8 15. b4 Be7 16. b5 Qa4 17. f4 g6 18. Bd4 a6 19. bxa6 Bxa6 20. Bxa6
Qxa6 21. Ra1 Ra8 22. a4 Qc4 23. Qc3 Qxc3 24. Bxc3 Ra6 25. a5 bxa5 26. Rxa5
Rfa8 27. Rfa1 Rxa5 28. Rxa5 Rxa5 29. Bxa5 c6 30. Kf2 Kf8 31. Ke2 Ke8 32. Kd3
Bc5 33. Bc3 Kd7 34. Bd4 Ba3 35. g4 c5 36. Bc3 c4+ 37. Kd2 Kc6 38. Ke2 Kb5
39. h3 Bb4 40. Kd2 Ka4 41. g5 Bc5 42. Bb2 Bb4+ 43. Ke2 c3 44. Bc1 Ba3
{White forfeits on time}
0-1

[Event "ICC Open 2015"]
[Site "Internet Chess Club"]
[Date "2015.05.30"]
[Round "6"]
[White "Danya"]
[Black "Dictator"]
[Result "1-0"]
[ICCResult "Black resigns"]
[WhiteElo "3025"]
[BlackElo "2605"]
[Opening "Ruy Lopez: closed, Flohr-Zaitsev system (Lenzerheide variation)"]
[ECO "C92"]
[NIC "RL.26"]
[Time "19:51:40"]
[TimeControl "180+0"]

1. e4 e5 2. Nf3 Nc6 3. Bb5 a6 4. Ba4 Nf6 5. O-O Be7 6. Re1 b5 7. Bb3 d6 8.
c3 O-O 9. h3 Bb7 10. d4 Nd7 11. Nbd2 exd4 12. cxd4 Bf6 13. Nf1 Na5 14. Bc2
Re8 15. Bf4 Nc4 16. Qc1 c5 17. b3 Ncb6 18. e5 dxe5 19. dxe5 Be7 20. Ng3 Bxf3
21. gxf3 Nf8 22. Nf5 Ng6 23. Bg3 c4 24. Be4 Ra7 25. Qc2 Bc5 26. Rad1 Qg5 27.
h4 Nxh4 28. Kf1 Nxf5 29. Bxf5 g6 30. Bh3 Rae7 31. Qe4 Qh5 32. Kg2 f5 33. Qc6
Rc8 34. Qf6 Qh6 35. b4 Bxb4 36. Qxb6 Bxe1 37. Rxe1 f4 38. Bxc8 fxg3 39. fxg3
Qf8 40. Be6+ Kg7 41. Qd6 Qe8 42. Bd5 c3 43. Qf6+ {Black resigns} 1-0

[Event "ICC Open 2015"]
[Site "Internet Chess Club"]
[Date "2015.05.30"]
[Round "6"]
[White "Chaos23"]
[Black "RobbieWilliams"]
[Result "1-0"]
[ICCResult "Black checkmated"]
[WhiteElo "2038"]
[BlackElo "1767"]
[Opening "Réti: King's Indian attack (Barcza system)"]
[ECO "A07"]
[NIC "QP.09"]
[Time "19:51:57"]
[TimeControl "180+0"]

1. Nf3 d5 2. g3 c6 3. Bg2 e6 4. O-O f5 5. d3 Nf6 6. Nbd2 Bc5 7. e4 O-O 8. e5
Nfd7 9. d4 Bb6 10. c4 h6 11. h4 Kh7 12. Rb1 Na6 13. c5 Bc7 14. b4 Rf7 15. a4
Nf8 16. b5 Nb8 17. h5 Bd7 18. Nh4 Qe7 19. Bf3 a6 20. Be2 axb5 21. axb5 cxb5
22. Bxb5 Nc6 23. Nb3 Qe8 24. Bd3 g5 25. hxg6+ Nxg6 26. Nxg6 Kxg6 27. g4 Ne7
28. Kg2 Ra2 29. Rh1 Rh7 30. gxf5+ Nxf5 31. Qh5+ Kg7 32. Qxe8 Bxe8 33. Nd2
Bg6 34. Rxb7 Kg8 35. Bxf5 Bxf5 36. Nf3 Be4 37. Rh3 Rg7+ 38. Rg3 Rxg3+ 39.
Kxg3 Ba5 40. Bxh6 Ra3 41. Be3 Rc3 42. Ng5 Bf5 43. Nf7 Rc4 44. Nh6+ Kf8 45.
Nxf5 exf5 46. Kf4 Bc3 47. Kxf5 Bxd4 48. Bxd4 Rxd4 49. Kf6 Ke8 50. c6 Rc4 51.
Rb8# {Black checkmated} 1-0

[Event "ICC Open 2015"]
[Site "Internet Chess Club"]
[Date "2015.05.30"]
[Round "6"]
[White "ALexiz"]
[Black "MichelRocard"]
[Result "1/2-1/2"]
[ICCResult "Game drawn because neither player has mating material"]
[WhiteElo "1810"]
[BlackElo "1947"]
[Opening "King's Indian: Four pawns attack"]
[ECO "E76"]
[NIC "KI.31"]
[Time "19:51:26"]
[TimeControl "180+0"]

1. d4 Nf6 2. c4 g6 3. Nc3 Bg7 4. e4 d6 5. f4 O-O 6. Nf3 e5 7. dxe5 dxe5 8.
Nxe5 Qxd1+ 9. Kxd1 Ng4 10. Nxg4 Bxg4+ 11. Be2 Rd8+ 12. Ke1 Bxc3+ 13. bxc3
Bxe2 14. Kxe2 Nc6 15. Be3 Na5 16. c5 Nc4 17. Rhd1 Kf8 18. Rab1 b6 19. Bd4
Ke7 20. Rb4 Na5 21. cxb6 axb6 22. a4 c5 23. Bxc5+ bxc5 24. Rxd8 Rxd8 25. Rb5
Nc4 26. Rxc5 Nd6 27. Rc7+ Ke6 28. e5 Nf5 29. g4 Nh4 30. Ke3 Ra8 31. Rc6+ Ke7
32. Rc4 h5 33. h3 hxg4 34. hxg4 g5 35. f5 Ra5 36. Ke4 Ng2 37. Rc7+ Ke8 38.
Rc4 Nf4 39. f6 Ng6 40. e6 Re5+ 41. Kd4 Rxe6 42. Rc5 Rxf6 43. Rxg5 Rf4+ 44.
Kd5 Rxa4 45. c4 Ra5+ 46. c5 Ne7+ 47. Kd6 Ra6+ 48. Ke5 Rg6 49. Rxg6 Nxg6+ 50.
Kf6 Nf4 51. g5 Nd5+ 52. Ke5 Nc7 53. Kd6 Ne6 54. g6 fxg6 55. Kxe6 Kd8 56. Kf6
Kc7 57. Kxg6 Kc6 58. Kf5 Kxc5
{Game drawn because neither player has mating material}
1/2-1/2

[Event "ICC Open 2015"]
[Site "Internet Chess Club"]
[Date "2015.05.30"]
[Round "6"]
[White "nihil95"]
[Black "Muad-dib"]
[Result "1/2-1/2"]
[ICCResult "Game drawn because neither player has mating material"]
[WhiteElo "1820"]
[BlackElo "1959"]
[Opening "Sicilian"]
[ECO "B53"]
[NIC "SI.01"]
[Time "19:51:52"]
[TimeControl "180+0"]

1. e4 c5 2. Nf3 d6 3. d4 cxd4 4. Bc4 e6 5. O-O Nc6 6. Bf4 Nf6 7. Qe2 e5 8.
Bg3 Be7 9. c3 d3 10. Bxd3 a6 11. Rd1 Qb6 12. b4 Bg4 13. Nbd2 O-O 14. a4 Qc7
15. Rac1 Rac8 16. h3 Bh5 17. Qe3 h6 18. Bb1 Rfd8 19. Ba2 d5 20. exd5 Nxd5
21. Bxd5 Rxd5 22. Ne4 Rcd8 23. Rxd5 Rxd5 24. b5 axb5 25. axb5 Na5 26. Nfd2
Bg6 27. f3 Nc4 28. Nxc4 Qxc4 29. Nd2 Qd3 30. Qxd3 Rxd3 31. Ne4 Bxe4 32. fxe4
Bc5+ 33. Kh2 f6 34. Be1 b6 35. c4 Kf7 36. Bg3 Ke6 37. Rc2 g6 38. h4 f5 39.
exf5+ gxf5 40. Re2 e4 41. Bf4 Bd6 42. Bxd6 Kxd6 43. g3 Kc5 44. Kh3 Kxc4 45.
h5 Kxb5 46. Kh4 Rf3 47. g4 fxg4 48. Kxg4 Kc4 49. Rxe4+ Kd3 50. Kxf3 b5 51.
Rg4 Kc3 52. Rg6 b4 53. Rxh6 b3 54. Rb6 b2 55. Rxb2 Kxb2 56. h6 Kc2 57. h7
Kd3 58. h8=Q Kc4 59. Qg7 Kd5 60. Qf6 Kc4 61. Kf4 Kd5 62. Qe5+ Kc4 63. Ke4
Kb4 64. Qd5 Kc3 65. Ke3 Kb4 66. Qd4+ Kb5 67. Kd3 Kc6 68. Kc3 Kb5 69. Qd5+
Kb6 70. Kc4 Kc7 71. Qd6+ Kxd6
{Game drawn because neither player has mating material}
1/2-1/2

[Event "ICC Open 2015"]
[Site "Internet Chess Club"]
[Date "2015.05.30"]
[Round "6"]
[White "VerdeNotte"]
[Black "h13"]
[Result "0-1"]
[ICCResult "White checkmated"]
[WhiteElo "2841"]
[BlackElo "2553"]
[Opening "Benko's opening"]
[ECO "A00"]
[NIC "VO.09"]
[Time "19:51:08"]
[TimeControl "180+0"]

1. g3 d5 2. Bg2 e6 3. Nf3 Nf6 4. O-O Be7 5. b3 O-O 6. Bb2 c5 7. e3 Nc6 8. c4
b6 9. cxd5 Nxd5 10. d4 cxd4 11. Nxd4 Nxd4 12. Bxd4 Bb7 13. Qg4 Nf6 14. Bxf6
Bxf6 15. Bxb7 Bxa1 16. Bxa8 Qxa8 17. Na3 Bf6 18. Rd1 Rd8 19. h4 g6 20. Nb5
h5 21. Rxd8+ Qxd8 22. Qf3 a6 23. Na7 Kg7 24. Nc6 Qd6 25. a4 Bc3 26. Kh2 b5
27. axb5 axb5 28. Na7 Qd7 29. Nc6 Qd6 30. Kg2 Qd3 31. b4 Qd6 32. Qe4 f5 33.
Qf3 Bxb4 34. Nxb4 Qxb4 35. Qb7+ Kf6 36. Qb8 Qe4+ 37. Kh2 Qc4 38. Qf8+ Ke5
39. Qg7+ Ke4 40. Qxg6 b4 41. Qxh5 b3 42. Qd1 Qc2 43. Qd4+ Kf3 44. Qf4+ Ke2
45. h5 b2 46. h6 b1=Q 47. h7 Qcd1 48. Qc4+ Kxf2 49. Qf4+ Qf3 50. Qxf3+ Kxf3
51. h8=Q Qc2+ 52. Kh3 Qg2+ 53. Kh4 Qh2+ 54. Kg5 Qxh8 55. e4 Qg8+ 56. Kf6
Qxg3 57. e5 Ke4 58. Kxe6 Qxe5+ 59. Kf7 f4 60. Kg6 f3 61. Kh7 f2 62. Kg6 Qf4
63. Kh7 Qg3 64. Kh8 f1=Q 65. Kh7 Qh1# {White checkmated} 0-1

[Event "ICC Open 2015"]
[Site "Internet Chess Club"]
[Date "2015.05.30"]
[Round "6"]
[White "blackmiura"]
[Black "Willy809"]
[Result "1-0"]
[ICCResult "Black resigns"]
[WhiteElo "1877"]
[BlackElo "1700"]
[Opening "French: exchange variation"]
[ECO "C01"]
[NIC "FR.01"]
[Time "19:52:27"]
[TimeControl "180+0"]

1. e4 e6 2. d4 d5 3. exd5 exd5 4. Nf3 Nf6 5. Bd3 Bg4 6. O-O Be7 7. c3 O-O 8.
Bf4 Nbd7 9. Nbd2 c6 10. h3 Bh5 11. Qc2 Bg6 12. Bxg6 hxg6 13. Rfe1 Re8 14.
Re2 Nf8 15. Rae1 Qd7 16. Ne5 Qf5 17. Qxf5 gxf5 18. Nxc6 bxc6 19. Rxe7 Ne4
20. Rxe8 Rxe8 21. Nxe4 fxe4 22. Rc1 Ne6 23. Be3 f5 24. g3 g5 25. Kh2 f4 26.
gxf4 gxf4 27. Rg1+ Kf7 28. Bc1 Rg8 29. Rg4 Rxg4 30. hxg4 Kg6 31. Kg2 c5 32.
dxc5 Nxc5 33. Bxf4 Nd3 34. Be3 Nxb2 35. Bxa7 Kg5 36. Kg3 Nc4 37. Be3+ Kg6
38. a4 Na5 39. Bb6 Nc4 40. a5 Kf6 41. Bd4+ Ke6 42. a6 {Black resigns} 1-0

[Event "ICC Open 2015"]
[Site "Internet Chess Club"]
[Date "2015.05.30"]
[Round "6"]
[White "franco"]
[Black "MARXVONAZULAY"]
[Result "1-0"]
[ICCResult "Black forfeits on time"]
[WhiteElo "1278"]
[BlackElo "1526"]
[Opening "Queen's pawn game"]
[ECO "D00"]
[NIC "QP.08"]
[Time "19:51:18"]
[TimeControl "180+0"]

1. d4 d5 2. e3 e6 3. Bd3 Nf6 4. Nd2 Be7 5. f4 O-O 6. Ngf3 c5 7. c3 c4 8. Bc2
a5 9. Ne5 b5 10. a3 Bb7 11. O-O Nc6 12. g4 b4 13. g5 Nd7 14. axb4 axb4 15.
Rxa8 Bxa8 16. Rf2 b3 17. Bb1 Ndxe5 18. dxe5 Nxe5 19. fxe5 Bxg5 20. Nf3 Bh6
21. Nd4 Qa5 22. Qg4 Qa1 23. Bxh7+ Kxh7 24. Rf1 Qa7 25. h4 Bb7 26. Kh2 Bc8
27. Qf3 Qe7 28. Qg3 f5 29. Nc6 Qf7 30. Rf3 Qh5 31. Nd4 f4 32. exf4 Bd7 33.
Kh3 g5 34. fxg5 Bg7 35. Rxf8 Bxf8 36. Qf4 Kg8 37. Qf6 Qd1 38. Bf4 Qf1+ 39.
Kg4 Qg2+ 40. Kh5 Be8+ 41. g6 Bg7 42. Bg5 {Black forfeits on time} 1-0

[Event "ICC Open 2015"]
[Site "Internet Chess Club"]
[Date "2015.05.30"]
[Round "6"]
[White "burbur"]
[Black "Osya"]
[Result "1-0"]
[ICCResult "Black forfeits on time"]
[WhiteElo "2542"]
[BlackElo "1875"]
[Opening "Queen's Indian: old main line, 6.O-O"]
[ECO "E17"]
[NIC "QP.06"]
[Time "19:51:43"]
[TimeControl "180+0"]

1. d4 Nf6 2. Nf3 e6 3. g3 b6 4. Bg2 Bb7 5. O-O Be7 6. c4 d6 7. Nc3 c5 8. b3
Nbd7 9. Bb2 O-O 10. d5 exd5 11. Ne1 Re8 12. Nxd5 Nxd5 13. Bxd5 Bxd5 14. Qxd5
Bf6 15. Qd2 Bxb2 16. Qxb2 d5 17. cxd5 Nf6 18. Rd1 Nxd5 19. Nf3 Qd6 20. Rd2
Qe6 21. Rfd1 Nf6 22. Qc2 h6 23. e3 Qg4 24. Kg2 Ne4 25. Rd7 Nf6 26. R7d6 Ne4
27. R6d3 g6 28. h3 Qe6 29. Rd5 Rac8 30. Re5 Qxe5 31. Nxe5 Rxe5 32. Rd7 Rce8
33. Qc4 R5e7 34. Qd5 Nf6 35. Rxe7 Rxe7 36. Qd8+ Re8 37. Qc7 Kg7 38. Qxa7 Re6
39. Qb7 Ne4 40. Qd5 h5 41. g4 hxg4 42. hxg4 Nf6 43. Qf3 Ne4 44. Qf4 Ng5 45.
Qxg5 Rf6 46. Qe5 {Black forfeits on time} 1-0

[Event "ICC Open 2015"]
[Site "Internet Chess Club"]
[Date "2015.05.30"]
[Round "6"]
[White "alric"]
[Black "SWAT-TEAM"]
[Result "0-1"]
[ICCResult "White forfeits on time"]
[WhiteElo "1980"]
[BlackElo "1878"]
[Opening "English opening: Agincourt variation"]
[ECO "A13"]
[NIC "QP.09"]
[Time "19:51:43"]
[TimeControl "180+0"]

1. Nf3 d5 2. c4 e6 3. d4 c6 4. Nc3 f5 5. g3 Nf6 6. Bg2 Bd6 7. O-O O-O 8. b3
Qe7 9. Bb2 Bd7 10. a4 a5 11. Qc1 Na6 12. c5 Bc7 13. Nd2 Ne4 14. f3 Nxc3 15.
Bxc3 Nb4 16. Re1 e5 17. Nf1 e4 18. f4 h5 19. h4 Rfc8 20. Qd2 b6 21. Bxb4
axb4 22. Rac1 bxc5 23. Rxc5 Bb6 24. Rc2 Rc7 25. Rec1 Rac8 26. Ne3 g6 27. Kh2
Qg7 28. Rd1 Ba5 29. Rc5 Ra7 30. Rdc1 Rb8 31. Rxc6 Bxc6 32. Rxc6 Rc7 33. Ra6
Ra7 34. Rd6 Rd7 35. Ra6 Ra7 36. Rd6 Rd8 37. Rxd8+ Bxd8 38. Nxd5 Qb7 39. Nxb4
Ba5 {White forfeits on time} 0-1

[Event "ICC Open 2015"]
[Site "Internet Chess Club"]
[Date "2015.05.30"]
[Round "6"]
[White "Acerook"]
[Black "ShadowLike"]
[Result "0-1"]
[ICCResult "White checkmated"]
[WhiteElo "1909"]
[BlackElo "2194"]
[Opening "English opening"]
[ECO "A20"]
[NIC "EO.24"]
[Time "19:52:21"]
[TimeControl "180+0"]

1. c4 e5 2. g3 Bc5 3. Nc3 d6 4. Bg2 c6 5. e3 Be6 6. Na4 Bb4 7. a3 Ba5 8. b4
Bc7 9. Qc2 Ne7 10. Bb2 O-O 11. Nf3 Bf5 12. d3 Nd7 13. h3 h6 14. g4 Bh7 15.
h4 d5 16. Rc1 a5 17. g5 h5 18. Bh3 axb4 19. axb4 dxc4 20. Bxd7 cxd3 21. Qd1
Qxd7 22. Nc5 Qc8 23. Nxe5 Bxe5 24. Bxe5 Rd8 25. Bc3 Ra2 26. Bd2 b6 27. Nb3
Qe6 28. Nd4 Rxd4 29. Qxh5 Rxd2 30. Kxd2 Qa2+ 31. Kd1 Qb3+ 32. Kd2 Qxb4+ 33.
Kd1 Qa4+ 34. Kd2 Qa2+ 35. Kd1 Rd6 36. Qf3 Nd5 37. e4 Nb4 38. Qe3 d2 39. Rc3
Qa1+ 40. Ke2 Qxh1 41. e5 d1=Q# {White checkmated} 0-1

[Event "ICC Open 2015"]
[Site "Internet Chess Club"]
[Date "2015.05.30"]
[Round "6"]
[White "nurmi"]
[Black "ro9991"]
[Result "1-0"]
[ICCResult "Black forfeits on time"]
[WhiteElo "2201"]
[BlackElo "1958"]
[Opening "Sicilian defense"]
[ECO "B40"]
[NIC "SI.43"]
[Time "19:51:16"]
[TimeControl "180+0"]

1. e4 c5 2. Nf3 e6 3. c4 Nc6 4. Be2 Nf6 5. Nc3 d6 6. O-O Be7 7. a3 O-O 8.
Rb1 d5 9. exd5 exd5 10. d4 cxd4 11. Nxd4 Nxd4 12. Qxd4 dxc4 13. Qxc4 Be6 14.
Qa4 Qb6 15. Be3 Qb3 16. Qxb3 Bxb3 17. Rbc1 Rac8 18. Bxa7 Rfd8 19. Be3 Nd5
20. Nxd5 Bxd5 21. Rfd1 Rxc1 22. Bxc1 Bc6 23. Rxd8+ Bxd8 24. b4 b5 25. Bb2 f6
26. Bd4 Kf7 27. f3 Ke6 28. Kf2 g6 29. Bd3 f5 30. g3 Kd5 31. Be3 Bf6 32. Bc1
Bd4+ 33. Ke2 Bg1 34. h3 Kd6 35. g4 fxg4 36. hxg4 Bd4 37. Bf4+ Ke6 38. Bc1
Kf6 39. Kd1 h5 40. gxh5 gxh5 41. Ke2 h4 42. Bf4 Be5 43. Bxe5+ Kxe5 44. Kf2
Kf4 45. Be2 h3 46. Kg1 Kg3 47. Kh1 h2 48. Bd1 Bxf3+ 49. Bxf3 Kxf3 50. Kxh2
Ke3 51. a4 {Black forfeits on time} 1-0

[Event "ICC Open 2015"]
[Site "Internet Chess Club"]
[Date "2015.05.30"]
[Round "6"]
[White "El-Flippo"]
[Black "bigali"]
[Result "1-0"]
[ICCResult "Black forfeits on time"]
[WhiteElo "1422"]
[BlackElo "1625"]
[Opening "Three knights game"]
[ECO "C46"]
[NIC "KP.06"]
[Time "19:51:54"]
[TimeControl "180+0"]

1. e4 Nc6 2. Nf3 e5 3. Nc3 Bc5 4. Bb5 d6 5. h3 Nf6 6. d3 h6 7. O-O O-O 8.
Re1 a6 9. Ba4 b5 10. Bb3 Be6 11. Bd5 Bxd5 12. exd5 Ne7 13. Ne4 Nexd5 14.
Nxc5 dxc5 15. Nxe5 Re8 16. Bd2 Qd6 17. Nf3 Rxe1+ 18. Qxe1 Re8 19. Qf1 Nf4
20. Re1 Rxe1 21. Qxe1 N4d5 22. Qe5 Kf8 23. Qxd6+ cxd6 24. c4 bxc4 25. dxc4
Nb4 26. Bxb4 cxb4 27. Nd4 Ke8 28. Nc6 Kd7 29. Nxb4 a5 30. Nd3 Kc6 31. b3 Ne4
32. f3 Nc3 33. a3 Nb1 34. b4 Nxa3 35. bxa5 Nxc4 36. a6 Kb6 37. Nf4 Kxa6 38.
Nd5 Kb5 39. Kf2 Ne5 40. f4 Kc5 41. Ne7 Nd3+ 42. Ke3 Nb2 43. Nf5 d5 44. Nxg7
d4+ 45. Kd2 Kc4 46. Nf5 d3 47. Ng3 {Black forfeits on time} 1-0

[Event "ICC Open 2015"]
[Site "Internet Chess Club"]
[Date "2015.05.30"]
[Round "6"]
[White "JArookie"]
[Black "Andiamo"]
[Result "1-0"]
[ICCResult "Black forfeits on time"]
[WhiteElo "1895"]
[BlackElo "1446"]
[Opening "Sicilian: Labourdonnais-Löwenthal variation"]
[ECO "B32"]
[NIC "SI.32"]
[Time "19:51:22"]
[TimeControl "180+0"]

1. e4 c5 2. Nf3 Nc6 3. d4 cxd4 4. Nxd4 e5 5. Nb5 a6 6. N5c3 Nf6 7. Bg5 Be7
8. Be2 O-O 9. O-O d6 10. Bxf6 Bxf6 11. Nd5 Be6 12. Nbc3 Be7 13. Bc4 Rc8 14.
Bb3 b5 15. a3 Na5 16. Ba2 Nc4 17. Bxc4 Rxc4 18. Qd3 Bxd5 19. Nxd5 Rd4 20.
Qe3 Bg5 21. Qf3 Kh8 22. Rad1 Rxd1 23. Rxd1 Qd7 24. Qg3 Be7 25. Ne3 g6 26.
Qxe5+ dxe5 27. Rxd7 Bc5 28. Nd5 f5 29. Rc7 Bd6 30. Rc6 Bb8 31. exf5 Rxf5 32.
Rf6 Rxf6 33. Nxf6 e4 34. Nxe4 Be5 35. b3 Bb2 36. a4 bxa4 37. bxa4 Kg7 38.
Kf1 Kf7 39. Ke2 Ke6 40. g3 Kd5 41. Kd3 Bc1 42. f3 Kc6 43. h3 h5 44. Kc4 g5
45. Nf6 g4 46. fxg4 hxg4 47. hxg4 Bg5 48. Ne4 Bc1 49. g5 Be3 50. g6 Bh6 51.
g4 Bf8 52. g5 Bg7 53. Ng3 Bf8 54. Nf5 Bg7 55. Nxg7 Kd7 56. Nf5 Kc8 57. Kd5
Kb8 58. Ke6 Kb7 59. g7 a5 60. g8=Q Kb6 61. Qb8+ Kc6 62. Qd6+
{Black forfeits on time}
1-0

[Event "ICC Open 2015"]
[Site "Internet Chess Club"]
[Date "2015.05.30"]
[Round "6"]
[White "fredx"]
[Black "iragefree"]
[Result "0-1"]
[ICCResult "White forfeits on time"]
[WhiteElo "1152"]
[BlackElo "1868"]
[Opening "Queen's pawn game"]
[ECO "A45"]
[NIC "QP.07"]
[Time "19:51:44"]
[TimeControl "180+0"]

1. d4 Nf6 2. d5 c6 3. c4 cxd5 4. cxd5 Qa5+ 5. Nc3 Ne4 6. Bd2 Nxd2 7. Qxd2 d6
8. g3 g6 9. Bg2 Bg7 10. Nf3 O-O 11. O-O Nd7 12. e3 b6 13. a3 Qc5 14. Rac1
Qc7 15. Nd4 Bb7 16. Ncb5 Qd8 17. Nc6 Qe8 18. Nbxa7 Ne5 19. h4 h6 20. Qb4
Nxc6 21. dxc6 Ba6 22. Rfe1 Rxa7 23. c7 Bc8 24. Bc6 Bd7 25. Bxd7 Qxd7 26. Qc4
Raa8 27. Qb3 b5 28. c8=Q Raxc8 29. Rxc8 Rxc8 30. Kh2 d5 31. Rd1 e6
{White forfeits on time}
0-1

[Event "ICC Open 2015"]
[Site "Internet Chess Club"]
[Date "2015.05.30"]
[Round "6"]
[White "lemanofzorn"]
[Black "SlowBlitz"]
[Result "1-0"]
[ICCResult "Black forfeits on time"]
[WhiteElo "1421"]
[BlackElo "1314"]
[Opening "QGD Slav defense"]
[ECO "D10"]
[NIC "SL.01"]
[Time "19:51:56"]
[TimeControl "180+0"]

1. d4 d5 2. c4 c6 3. Nc3 Bf5 4. Bg5 f6 5. Bh4 g5 6. Bg3 dxc4 7. e4 Be6 8. d5
cxd5 9. exd5 Bf7 10. Bxc4 Nd7 11. Qa4 a6 12. Qb3 b5 13. Bd3 Nb6 14. Be4 Rc8
15. Nge2 h5 16. h3 h4 17. Bh2 Nh6 18. O-O f5 19. Bf3 g4 20. hxg4 fxg4 21.
Be4 Rg8 22. Bf4 Nc4 23. Rac1 Qd7 24. Bd3 Bg6 25. Bxg6+ Rxg6 26. Bxh6 Rxh6
27. Nf4 g3 28. f3 {Black forfeits on time} 1-0